 Dungeon Crawl Stone Soup version 0.16.1-28-gcc2312f (webtiles) character file.

142 Kidiri the Sneak (level 5, -10/34 HPs)
             Began as a Halfling Assassin on May 28, 2015.
             Mangled by Menkaure (21 damage)
             ... on level 4 of the Dungeon.
             The game lasted 00:24:37 (4088 turns).

Kidiri the Sneak (Halfling Assassin)                Turns: 4088, Time: 00:24:37

Health: -10/34     AC:  3    Str: 11    XL:     5   Next: 50%
Magic:  5/5        EV: 15    Int: 10    God:
Gold:   199        SH:  0    Dex: 17    Spells: 0 memorised, 4 levels left

rFire  + . .     SeeInvis .     a - +2 dagger (venom)
rCold  x . .     Clarity  .     c - +0 robe
rNeg   . . .     SustAb   .     (no shield)
rPois  .         Gourm    .     (no helmet)
rElec  .         Spirit   .     d - +0 cloak
rCorr  .         Warding  .     (no gloves)
rMut   .         Stasis   .     (no boots)
MR     .....                    (no amulet)
Stlth  +++.......               (no ring)
                                s - ring of fire

@: not resistant to hostile enchantments, fairly stealthy
A: mutation resistance 1
a: no special abilities


You were on level 4 of the Dungeon.
You were not hungry.

You visited 1 branch of the dungeon, and saw 4 of its levels.

You collected 199 gold pieces.

Inventory:

Hand weapons
 a - a +2 dagger of venom (weapon)
 b - a +0 blowgun
 q - a +2 dagger
Missiles
 e - 22 poisoned needles
 f - 2 curare-tipped needles
Armour
 c - a +0 robe (worn)
 d - a +0 cloak (worn)
Jewellery
 s - a ring of fire (left hand)
Scrolls
 k - a scroll of remove curse
 l - 3 scrolls of teleportation
 m - a scroll of immolation
 u - 2 scrolls of magic mapping {unknown}
 v - 2 scrolls of random uselessness {unknown}
 w - a scroll of enchant weapon {unknown}
 z - a scroll of enchant armour {unknown}
Potions
 i - a potion of cancellation {unknown}
 j - 2 potions of brilliance {unknown}
 o - a potion of resistance {unknown}
 p - 2 potions of restore abilities {unknown}
 r - a potion of heal wounds {unknown}
Comestibles
 g - 5 bread rations
 n - a royal jelly
 t - 2 fruits


   Skills:
 + Level 2.1 Fighting
 * Level 4.1 Short Blades
 + Level 3.3 Throwing
 + Level 1.6 Armour
 * Level 2.5 Dodging
 * Level 5.1 Stealth


You had 4 spell levels left.
You didn't know any spells.

Dungeon Overview and Level Annotations

Branches:
Dungeon (4/15)
 Temple: D:4-7

Altars:

Annotations:
D:4 Menkaure


Innate Abilities, Weirdness & Mutations

You are small and have problems with some larger weapons.
You are somewhat resistant to further mutation.


Message History

Menkaure points at you and mumbles some strange words.
Pain shoots through your body!
You close the door.
Menkaure opens the door.
You hit Menkaure.
Menkaure is lightly damaged.
Menkaure barely misses you.
You hit Menkaure.
Menkaure is lightly damaged.
Menkaure misses you.
You hit Menkaure.
Menkaure is moderately damaged.
Menkaure barely misses you.
You hit Menkaure.
Menkaure is moderately damaged.
Menkaure hits you!
* * * LOW HITPOINT WARNING * * *
Drink which item? (? for menu, Esc to quit)
You feel better. Menkaure hits you!!
Ouch! That really hurt!
You die...

###### #....# #....#
#....########
#...........#########
#..>........'........
##..........######.#.#
#..........M@........
#..........######.##.
#.†........#
#......[)..#
#..........#
#.......†..#
####..........#
#......########
#.####.#


You could see Menkaure.

Vanquished Creatures
  An orc priest (D:3)
  Jessica (D:2)
  Terence (D:2)
  An adder (D:2)
  2 worms
  8 orcs
  A ball python (D:3)
  4 giant cockroaches
  3 hobgoblins
  2 jackals (D:4)
  2 quokkas (D:2)
  6 bats
  3 giant newts
  4 goblins
  8 kobolds
  8 rats
55 creatures vanquished.

Notes
Turn   | Place    | Note
--------------------------------------------------------------
     0 | D:1      | Kidiri, the Halfling Assassin, began the quest for the Orb.
     0 | D:1      | Reached XP level 1. HP: 14/14 MP: 1/1
   319 | D:1      | Reached XP level 2. HP: 19/19 MP: 2/2
  1293 | D:2      | Reached XP level 3. HP: 21/24 MP: 3/3
  1339 | D:2      | Noticed Jessica
  1349 | D:2      | Killed Jessica
  1491 | D:2      | Reached XP level 4. HP: 27/29 MP: 4/4
  1513 | D:2      | Reached skill level 1 in Armour
  1558 | D:2      | Noticed Terence
  1559 | D:2      | Killed Terence
  2017 | D:3      | Reached skill level 5 in Stealth
  2017 | D:3      | Reached XP level 5. HP: 12/34 MP: 5/5
  3400 | D:4      | Noticed a phantom
  4066 | D:4      | Noticed Menkaure
  4088 | D:4      | Mangled by Menkaure

Action                   |  1- 3 |  4- 6 || total
-------------------------+-------+-------++-------
Melee: Dagger            |    75 |   124 ||   199
 Fire: Blowgun           |     5 |     4 ||     9
  Use: Scroll            |       |     4 ||     4
       Potion            |       |     3 ||     3
 Stab: Sleeping          |     5 |     6 ||    11
       Distracted        |       |     2 ||     2
  Eat: Chunk             |     2 |     1 ||     3
       Meat ration       |       |     2 ||     2
